 Dungeon Crawl Stone Soup version 0.31.0-11-ge490571c62 (webtiles) character file.

Game seed: 2322651921463651964

28 qw the Shooter (level 3, -1/20 HPs)
             Began as a Deep Elf Hunter on Feb 5, 2024.
             Succumbed to their own poison gas
             ... on level 1 of the Dungeon.
             The game lasted 00:00:18 (711 turns).

qw the Shooter (Deep Elf Hunter)                     Turns: 711, Time: 00:00:19

Health: -1/20      AC:  6    Str: 10    XL:     3   Next: 0%
Magic:  5/5        EV:  9    Int: 13    God:
Gold:   40         SH:  0    Dex: 18    Spells: 2/2 levels left

rFire   . . .        a - +1 shortbow
rCold   . . .        (shield currently unavailable)
rNeg    . . .        d - +0 scale mail
rPois   .            (no helmet)
rElec   .            (no cloak)
rCorr   .            (no gloves)
SInv    .            (no boots)
Will    .....        (no amulet)
Stlth   +            (no ring)
HPRegen 0.23/turn    (no ring)
MPRegen 0.09/turn

%: no passive effects
@: lethally poisoned (-1 -> -6)
A: no striking features
a: no special abilities


You were on level 1 of the Dungeon.
You visited 1 branch of the dungeon, and saw 1 of its levels.

You collected 40 gold pieces.


   Skills:
 - Level 1.5 Fighting
 + Level 6.6 Ranged Weapons
 - Level 2.4 Dodging
 - Level 1.2 Stealth


You had 2 spell levels left.
You didn't know any spells.
Your spell library was empty.

Inventory:

Hand Weapons
 a - a +1 shortbow (weapon)
Armour
 d - a +0 scale mail (worn)
Potions
 k - a potion of heal wounds {unknown}

Dungeon Overview and Level Annotations

Branches:
Dungeon (1/15)

Altars:


Message History

Done exploring.
What level of the Dungeon? (default 1, ? - help) Sorry, I don't know how to get there.
Enter note:
Enter note:
Enter note:
Enter note:
Enter note:
Enter note:
Enter note:
Enter note:
Enter note:
Enter note:
Enter note:
Enter note:
Enter note:
Enter note:
Enter note: You are engulfed in poison gas.
You are poisoned.
You feel very sick.
698 ||| Stepping ~*~*~tactically~*~*~ (cloud).
You feel very sick.
Things that are here:
a potion of attraction; a scroll of butterflies; a +0 leather armour
699 ||| DRINKING potion of curing.
You feel better.
699 ||| (to cure poison)
You start resting.
HP restored.
You are engulfed in poison gas.
You are poisoned.
You feel very sick.
707 ||| Stepping ~*~*~tactically~*~*~ (cloud).
You feel very sick.
There is a lethal amount of poison in your body!
You feel very sick.
There is a lethal amount of poison in your body!
You feel sick.
There is a lethal amount of poison in your body!
You feel sick.
There is a lethal amount of poison in your body!
You die...

########
#.##.##.######
#.##.##.#
#.##....#
#.##.##.#
#.##.##.#
#.......###
####.#....#
#######..###
#.@......#
#.#####.##
#!......#
#.####### #.#
###


There were no monsters in sight!

Vanquished Creatures
  2 ball pythons (D:1)
  2 bats (D:1)
  An endoplasm (D:1)
  3 giant cockroaches (D:1)
  6 goblins (D:1)
  2 hobgoblins (D:1)
  2 jackals (D:1)
  A quokka (D:1)
  2 frilled lizards (D:1)
  A rat (D:1)
22 creatures vanquished.

Notes
Turn   | Place    | Note
-------+----------+-------------------------------------------
     0 | D:1      | qw the Deep Elf Hunter began the quest for the Orb.
     0 | D:1      | Reached XP level 1. HP: 12/12 MP: 3/3
     0 | D:1      | 0 ||| qw: Version: 0.3-a-160-g6735b56
     0 | D:1      | 0 ||| qw: Game counter: 6515
     0 | D:1      | 0 ||| qw: Melee chars always use a shield: true
     0 | D:1      | 0 ||| qw: God list: Okawaru
     0 | D:1      | 0 ||| qw: Allow faded altars: false
     0 | D:1      | 0 ||| qw: Do Orc after clearing Dungeon:15 true
     0 | D:1      | 0 ||| qw: Do second Lair branch before Depths: true
     0 | D:1      | 0 ||| qw: Lair rune preference: random
     0 | D:1      | 0 ||| qw: Goals: Normal
     0 | D:1      | 0 ||| PLANNING D:1-11
   181 | D:1      | Reached skill level 6 in Ranged Weapons
   181 | D:1      | Reached XP level 2. HP: 16/16 MP: 4/4
   649 | D:1      | Reached XP level 3. HP: 20/20 MP: 5/5
   679 | D:1      | 679 ||| UPGRADING to +0 scale mail.
   689 | D:1      | 689 ||| DROPPING +0 leather armour.
   690 | D:1      | 690 ||| READING scroll labelled EPOHE ROFOT.
   690 | D:1      | 690 ||| ENCHANTING +0 shortbow.
   691 | D:1      | 691 ||| READING scroll labelled GUOBYNK KIMEA.
   692 | D:1      | 692 ||| READING scroll labelled UVAHOZX YROCOS.
   693 | D:1      | 693 ||| READING scroll labelled NOAHUE SYQET.
   693 | D:1      | 693 ||| IDENTIFYING emerald potion
   694 | D:1      | 694 ||| DRINKING 2 purple potions.
   695 | D:1      | 695 ||| DROPPING scroll of butterflies.
   696 | D:1      | 696 ||| DROPPING potion of attraction.
   698 | D:1      | 698 ||| Stepping ~*~*~tactically~*~*~ (cloud).
   699 | D:1      | 699 ||| DRINKING potion of curing.
   699 | D:1      | 699 ||| (to cure poison)
   707 | D:1      | 707 ||| Stepping ~*~*~tactically~*~*~ (cloud).
   708 | D:1      | HP: 3/20 [poisoned by you (poison gas)]
   710 | D:1      | HP: 1/20 [poisoned by you (poison gas)]
   711 | D:1      | Succumbed to their own poison gas

Levels and vault maps discovered:
D:1:      nagdon_arrival_zigzag_paths, layout_basic, minivault_24

Skill      XL: |  1 |
---------------+----+-----
Ranged Weapons | 6 |  6.6
Fighting       | |  1.5
Dodging        | |  2.4
Stealth        | |  1.2

Action                     || total
---------------------------++-------
   Fire: Shortbow          ||    57
    Use: Scroll            ||     4
         Potion            ||     2
 Armour: Leather armour    ||     6
  Dodge: Dodged            ||    14

Table legend:
 A = Non-vault XP
 B = Vault XP
 C = Vault XP percentage of total XP
 D = Non-vault monster count
 E = Vault monster count
 F = Vault count percentage of total count
                 A         B        C        D         E       F
            +---------+---------+-------+---------+---------+-------
      Total |      41 |       0 |   0.0 |      22 |       0 |   0.0
            +---------+---------+-------+---------+---------+-------
        D:1 |      41 |       0 |   0.0 |      22 |       0 |   0.0
            +---------+---------+-------+---------+---------+-------
